 Dungeon Crawl Stone Soup version 0.26.1-2-gb8aa6d0cf2 (webtiles) character file.

Game seed: 9851306313952415320

4606 Gnirx the Geomancer (level 10, -6/66 HPs)
             Began as a Gargoyle Earth Elementalist on Feb 12, 2021.
             Was a Believer of Vehumet.
             Mangled by a killer bee (7 damage)
             ... on level 9 of the Dungeon.
             The game lasted 00:26:02 (14475 turns).

Gnirx the Geomancer (Gargoyle Earth Elementalist)  Turns: 14475, Time: 00:26:03

Health: -6/66      AC: 11    Str: 13    XL:     10   Next: 42%
Magic:  20/21      EV: 12    Int: 18    God:    Vehumet [**....]
Gold:   226        SH: 11    Dex: 10    Spells: 13/24 levels left

rFire    . . .     SeeInvis +   F - +0 morningstar
rCold    . . .     Faith    .   o - +2 buckler
rNeg     + . .     Spirit   .   c - +0 robe
rPois    ∞         Reflect  +   (no helmet)
rElec    +         Harm     .   I - +0 cloak
rCorr    .         Rampage  .   (no gloves)
Will     +....                  h - +0 pair of boots
Stlth    ++........             e - amulet of reflection
HPRegen  0.21/turn              t - ring of willpower
MPRegen  0.17/turn              w - ring of see invisible

@: no status effects
A: negative energy resistance 1, electricity resistance, unbreathing,
petrification resistance, miasma immunity, AC +7
a: Renounce Religion


You were on level 9 of the Dungeon.
You worshipped Vehumet.
Vehumet was pleased with you.
You visited 2 branches of the dungeon, and saw 10 of its levels.
You also visited: Bailey.

You collected 599 gold pieces.
You spent 373 gold pieces at shops.

Inventory:

Hand Weapons
 i - a +2 whip of draining
 n - a +0 flail
 y - a +0 shortbow
 F - a +0 morningstar (weapon)
Missiles
 b - 44 stones
 z - 30 arrows
Armour
 c - a +0 robe (worn)
 h - a +0 pair of boots (worn)
 o - a +2 buckler (worn)
 I - a +0 cloak (worn)
Jewellery
 e - an amulet of reflection (around neck)
 t - a ring of willpower (left hand)
 w - a ring of see invisible (right hand)
Wands
 j - a wand of digging (9)
 s - a wand of acid (6)
 v - a wand of paralysis (20)
 x - a wand of polymorph (9)
Scrolls
 p - 3 scrolls of magic mapping
 r - 3 scrolls of remove curse
 u - a scroll of random uselessness {unknown}
 A - a scroll of enchant armour {unknown}
 B - a scroll of amnesia {unknown}
 C - a scroll of teleportation
 E - a scroll of fog {unknown}
Potions
 a - a potion of curing
 d - 4 potions of heal wounds
 f - a potion of resistance
 g - a potion of attraction {unknown}
 k - a potion of cancellation {unknown}
 l - 2 potions of berserk rage
 m - a potion of invisibility {unknown}
 q - 2 potions of brilliance
 D - a potion of experience {unknown}
 G - a potion of might {unknown}
 H - a potion of lignification {unknown}


   Skills:
 + Level 9.0 Fighting
 - Level 1.5 Dodging
 - Level 2.1 Stealth
 - Level 4.0 Shields
 + Level 7.9 Spellcasting
 - Level 0.7 Transmutations
 + Level 10.5 Earth Magic


You had 13 spell levels left.
You knew the following spells:

 Your Spells              Type           Power        Failure   Level
a - Sandblast             Erth           90%          1%          1
b - Passwall              Tmut/Erth      22%          1%          2
c - Stone Arrow           Conj/Erth      52%          3%          3
d - Lee's Rapid Deconstr  Erth           22%          3%          5

Your spell library contained the following spells:

 Spells                   Type           Power        Failure   Level
 Conjure Flame            Conj/Fire      7%           30%         3
 Animate Skeleton         Necr           14%          10%         1
 Pain                     Necr           28%          10%         1
 Petrify                  Tmut/Erth      27%          10%         4
 Vampiric Draining        Necr           3%           30%         3
 Animate Dead             Necr           3%           69%         4
 Agony                    Necr           7%           95%         5


Dungeon Overview and Level Annotations

Branches:
Dungeon (9/15)             Temple (1/1) D:7          Bailey (visited)
   Lair: D:8-11         Orc: D:9-12

Altars:
Ashenzari
Cheibriados
Dithmenos
Elyvilon
Fedhas
Hepliaklqana
Kikubaaqudgha
Makhleb
Okawaru
Qazlal
Ru
Sif Muna
Trog
Uskayaw
Vehumet
Xom
Yredelemnul
Zin
The Shining One

Shops:
D:6 =   D:8 *!((

Annotations:
D:3 3 runed translucent doors, mike2r's ghost, amateur DsCj
D:6 2 transporters, Menkaure


Innate Abilities, Weirdness & Mutations

You are resistant to torment.
Your stone body is resilient. (AC +7)
You are immune to poison.
You resist negative energy. (rN+)
You are resistant to electric shocks. (rElec)
You can survive without breathing.
You are immune to petrification.
You are immune to miasma.


Message History

The killer bee misses you. The wolf bites you.
* * * LOW HITPOINT WARNING * * *
The killer bee completely misses you. You block the killer bee's attack.
The killer bee misses you. The killer bee closely misses you.
A troll comes into view.
The killer bee completely misses you.
The troll shouts!
The killer bee stings you but does no damage.
The killer bee closely misses you. x2
The killer bee stings you but does no damage.
The troll bites you!
* * * LOW HITPOINT WARNING * * *
The troll barely misses you. The troll closely misses you.
Aiming: Sandblast (safe; 1% risk of failure)
Press: ? - help, Q - select action, (/) - cycle Shift-Dir - straight line, f - troll
Aim: a troll (17% to evade)
The blast of sand hits the troll!
The troll is moderately wounded.
You block the killer bee's attack. The killer bee stings you!
You die...

..# ###.###.......######
..#####.###.#..##))....#
......[..##.#..##......#
........>##.#..†)......#
.........##.#.###).....#
..###.#####.#.###yh....#
..# #..# #.....yy######
..# ##.# #.#.##y#.......
..# .####.#.##@#.#####.
... ........##T#.# ..≈.
..≈.≈...##.... ≈≈
..≈..........#
≈≈≈..........#
≈≈............
≈;≈.....#######
≈≈.≈≈≈..# ;≈≈≈.)..#


You could see a troll, a wolf and 4 killer bees.

Vanquished Creatures
  A steam dragon (D:8)
  A water moccasin (D:9)
  3 orc warriors
  A black bear (D:8)
  2 ice beasts
  3 phantoms
  A sky beast (D:3)
  2 eyes of draining
  7 ogres
  2 necrophages
  2 centaurs (D:6)
  A big kobold (D:5)
  2 gnoll sergeants
  3 bullfrogs
  A wyvern skeleton (D:9)
  2 scorpions
  2 killer bees (D:9)
  An electric eel (D:9)
  3 howler monkeys (D:7)
  A centaur zombie (D:8)
  A quasit (D:7)
  A bullfrog zombie (D:5)
  9 hounds
  2 jellies
  2 orc priests
  A gnoll shaman (D:7)
  8 orc wizards
  An iguana (D:4)
  6 worker ants
  A hound zombie (D:8)
  A hound skeleton (D:8)
  A howler monkey zombie (D:5)
  A worker ant zombie (D:7)
  37 gnolls
  12 adders
  A howler monkey skeleton (D:9)
  3 shadow imps
  3 white imps
  An ufetubus (D:9)
  3 adder skeletons
  2 worms (D:2)
  A dart slug (D:1)
  3 leopard geckos
  20 orcs
  A ball python (D:2)
  5 giant cockroaches
  10 goblins
  19 hobgoblins
  12 jackals
  2 quokkas (D:5)
  A ball python skeleton (D:4)
  13 bats
  5 frilled lizards
  32 kobolds
  A leopard gecko skeleton (D:6)
  2 leopard gecko zombies (D:8)
  A quokka skeleton (D:5)
  A quokka zombie (D:5)
  9 rats
276 creatures vanquished.

Vanquished Creatures (others)
  9 plants (D:5)
9 creatures vanquished.

Grand Total: 285 creatures vanquished

Notes
Turn   | Place    | Note
-------+----------+-------------------------------------------
     0 | D:1      | Gnirx the Gargoyle Earth Elementalist began the quest for
                  | the Orb.
     0 | D:1      | Reached XP level 1. HP: 10/10 MP: 3/3
   711 | D:1      | Reached XP level 2. HP: 12/16 MP: 3/5
   721 | D:1      | Reached skill level 1 in Fighting
   964 | D:1      | Reached skill level 4 in Earth Magic
  2008 | D:1      | Reached XP level 3. HP: 11/20 MP: 3/6
  2629 | D:2      | Found a stormy altar of Qazlal.
  2840 | D:2      | Found a glowing golden altar of the Shining One.
  3321 | D:2      | Found a burning altar of Makhleb.
  3334 | D:2      | Reached XP level 4. HP: 9/26 MP: 5/8
  4080 | D:2      | Reached XP level 5. HP: 31/31 MP: 9/9
  4915 | D:3      | Reached skill level 5 in Earth Magic
  5047 | D:3      | Found a runed translucent gate.
  5048 | D:3      | Found a runed translucent gate.
  5049 | D:3      | Found a runed translucent gate.
  5050 | D:3      | Noticed mike2r's ghost (amateur DsCj)
  6091 | D:3      | Reached XP level 6. HP: 24/37 MP: 5/11
  6352 | D:4      | Noticed a phantom
  6373 | D:4      | Killed a phantom
  6593 | D:4      | Reached skill level 6 in Earth Magic
  6925 | D:4      | Noticed a sky beast
  6969 | D:3      | Reached XP level 7. HP: 40/43 MP: 10/13
  7438 | D:4      | Found a hazy altar of Hepliaklqana.
  7472 | D:4      | Found a shimmering altar of Xom.
  7528 | D:4      | Found a shadowy altar of Dithmenos.
  7603 | D:4      | Learned a level 2 spell: Passwall
  7607 | D:4      | Learned a level 3 spell: Stone Arrow
  7668 | D:5      | Entered Level 5 of the Dungeon
  7675 | D:5      | Reached skill level 5 in Fighting
  7675 | D:5      | Reached skill level 1 in Shields
  7677 | D:5      | Reached XP level 8. HP: 49/49 MP: 10/15
  7835 | D:5      | Reached skill level 7 in Earth Magic
  7999 | D:5      | Reached skill level 5 in Spellcasting
  8917 | D:5      | Found a broken altar of Ashenzari.
  9597 | D:6      | Found an ancient bone altar of Kikubaaqudgha.
  9603 | D:6      | Noticed Menkaure
  9632 | D:6      | Found a basalt altar of Yredelemnul.
  9672 | D:6      | Found Buhog's Jewellery Shoppe.
  9675 | D:6      | Bought an uncursed ring of see invisible for 195 gold
                  | pieces
  9688 | D:6      | Found a transporter.
  9692 | D:6      | Found a transporter.
  9801 | D:6      | Reached skill level 8 in Earth Magic
  9852 | D:6      | Found a hide-covered altar of Uskayaw.
  9897 | D:6      | Found a white marble altar of Elyvilon.
 10337 | D:7      | Reached XP level 9. HP: 56/56 MP: 14/17
 10430 | D:7      | Learned a level 5 spell: Lee's Rapid Deconstruction
 10477 | D:7      | Found a staircase to the Ecumenical Temple.
 10520 | Temple   | Entered the Ecumenical Temple
 10576 | Temple   | Became a worshipper of Vehumet
 10763 | D:7      | Found a flagged portal.
 10797 | Bailey   | Entered a bailey
 11055 | Bailey   | HP: 2/56 [orc warrior/+0 short sword (9)]
 11588 | D:8      | Reached skill level 9 in Earth Magic
 11668 | D:8      | Reached * piety under Vehumet
 11668 | D:8      | Offered knowledge of Magic Dart by Vehumet.
 11805 | D:8      | Found a bloodstained altar of Trog.
 11871 | D:8      | Found a sacrificial altar of Ru.
 11897 | D:8      | Found Ylifeas's Distillery.
 11905 | D:8      | Bought 2 potions of heal wounds for 130 gold pieces
 12006 | D:8      | Found Ediesez's Antique Weapon Shoppe.
 12014 | D:8      | Found Wyreygri's Antique Weapon Shop.
 12728 | D:8      | Found Latat's Assorted Antiques.
 12738 | D:8      | Bought a scroll of identify for 48 gold pieces
 13039 | D:8      | Reached XP level 10. HP: 64/64 MP: 20/20
 13042 | D:8      | Reached ** piety under Vehumet
 13042 | D:8      | Offered knowledge of Freeze by Vehumet.
 13248 | D:8      | Found a sacrificial altar of Ru.
 13281 | D:8      | Reached skill level 10 in Earth Magic
 14307 | D:9      | Identified the +5 long sword "Menweuh" {pain, *Drain rElec
                  | rF- rN+++}
 14427 | D:9      | Offered knowledge of Conjure Flame by Vehumet.
 14474 | D:9      | HP: 1/66 [troll (8)]
 14475 | D:9      | Mangled by a killer bee

Illustrated notes

Levels and vault maps discovered:
D:1:      onia_arrival_mini_maze_b, layout_basic, minmay_misc_feat_ornament
D:2:      minmay_door_path, layout_basic, nicolae_qazlal_general_emergency,
          lemuel_doored_altar, makhleb_heckhound_becter
D:3:      layout_basic, gammafunk_ghost_necromancy
D:4:      layout_rooms, kennysheep_mini, nzn_hepliaklqana_mist_gate,
          grunt_dithmenos_shadows
D:5:      kennysheep_kobold_camp, layout_loops_corners,
          overflow_temple_1_default
D:6:      layout_loops_ring, gammafunk_temple_of_torment,
          general_overflow_altar, eat_drink_and_be_merry_uskayaw, serial_shops,
          nicolae_shop_behind_doors
D:7:      layout_cave_pools, minmay_temple_entry_crystal_x, enter_bailey_6
D:8:      black_bear_nest_2, layout_gridville, trog_eyes_of_draining,
          nicolae_ru_awakened_eye, basic_altar, serial_shops, shop_fountains,
          shop, shop_statue, nicolae_shop_overgrown_old_shop
D:9:      layout_loops_cross, pdpol_wu_jian_five_deadly_venoms,
          erik_lair_island, serial_shops, shop, grunt_ministairs_4
Temple:   compressed_dpeg_triangle_lava_temple

Skill      XL: |  1  2  3  4  5  6  7  8  9 10 |
---------------+-------------------------------+-----
Fighting       | 1 2 3 4 5 6 8 9 |  9.0
Earth Magic    | 4 5 6 8 9 10 | 10.5
Spellcasting   | 3 4 5 7 |  7.9
Shields        | 1 3 4 |  4.0
Dodging        | |  1.5
Stealth        | |  2.1
Transmutations | |  0.7

Action                   |  1- 3 |  4- 6 |  7- 9 | 10-12 || total
-------------------------+-------+-------+-------+-------++-------
Melee: Unarmed           |   248 |    79 |       |       ||   327
       Whip              |       |   113 |     6 |       ||   119
       Flail             |       |       |   354 |       ||   354
       Morningstar       |       |       |    57 |    83 ||   140
 Cast: Sandblast         |    30 |    46 |   134 |    54 ||   264
  Use: Scroll            |     3 |     2 |     5 |     2 ||    12
       Potion            |       |       |     1 |       ||     1
 Stab: Sleeping          |     3 |     4 |     1 |       ||     8
Armor: Robe              |    84 |    91 |   197 |    43 ||   415
Dodge: Dodged            |   175 |   143 |   294 |   102 ||   714
Block: Other             |       |    54 |    10 |       ||    64
       Reflection        |       |     1 |    22 |     4 ||    27
       Buckler           |       |       |   360 |   100 ||   460
